 Dungeon Crawl Stone Soup version 0.31-a0-237-g2d982f9f85 (webtiles) character file.

Game seed: 12987451573552263645

83 qw the Shooter (level 4, -2/26 HPs)
             Began as a Gargoyle Hexslinger on July 10, 2023.
             Slain by a worm (6 damage)
             ... on level 3 of the Dungeon.
             The game lasted 00:00:41 (1541 turns).

qw the Shooter (Gargoyle Hexslinger)                Turns: 1541, Time: 00:00:41

Health: -2/26      AC:  9    Str: 11    XL:     4   Next: 44%
Magic:  5/5        EV: 10    Int: 14    God:
Gold:   77         SH:  0    Dex: 14    Spells: 4/5 levels left

rFire   . . .        Y - +1 sling
rCold   . . .        (no shield)
rNeg    + . .        d - +0 ring mail
rPois   inf          (no helmet)
rElec   +            (no cloak)
rCorr   .            g - +0 pair of gloves
SInv    .            (no boots)
Will    .....        b - amulet of the acrobat
Stlth   +            (no ring)
HPRegen 0.24/turn    (no ring)
MPRegen 0.09/turn

%: acrobat
@: no status effects
A: sickness immunity, AC +3, negative energy resistance 1, electricity
resistance, torment resistance 1, petrification resistance
a: no special abilities


You were on level 3 of the Dungeon.
You visited 1 branch of the dungeon, and saw 3 of its levels.

You collected 77 gold pieces.


Innate Abilities, Weirdness & Mutations

You are immune to sickness and miasma.
Your stone body is resilient. (AC +3)
You are immune to poison.
You resist negative energy. (rN+)
You are resistant to electric shocks. (rElec)
You are resistant to unholy torment.
You are immune to petrification.


   Skills:
 - Level 2.0 Fighting
 + Level 4.1 Ranged Weapons
 - Level 1.0 Armour
 - Level 1.5 Dodging
 - Level 1.0 Spellcasting
 - Level 2.6 Hexes


You had 4 spell levels left.
You knew the following spells:

 Your Spells              Type           Power      Damage    Failure   Level
a - Slow                  Hex            32%        N/A       21%         1

Your spell library contained the following spells:

 Spells                   Type           Power      Damage    Failure   Level
 Inner Flame              Hex/Fire       4%         N/A       71%         3
 Portal Projectile        Hex/Tloc       8%         N/A       71%         3
 Cause Fear               Hex            4%         N/A       90%         4

Inventory:

Hand Weapons
 Y - a +1 sling (weapon)
Armour
 d - a +0 ring mail (worn)
 g - a +0 pair of gloves (worn)
Jewellery
 b - an amulet of the acrobat (around neck)
Potions
 a - 5 potions of curing {unknown}
 c - a potion of might {unknown}
 e - a potion of enlightenment {unknown}

Dungeon Overview and Level Annotations

Branches:
Dungeon (3/15)

Altars:
Xom


Message History

The quokka barely misses you.
You shoot a sling bullet.
The sling bullet barely misses the worm.
The kobold hits you with a +0 short sword.
The goblin completely misses you. The quokka barely misses you.
The worm closely misses you. The kobold hits you but does no damage.
You shoot a sling bullet.
The sling bullet completely misses the worm.
The quokka bites you but does no damage.
The goblin hits you but does no damage. The worm bites you but does no damage.
The kobold hits you but does no damage. The quokka barely misses you.
You shoot a sling bullet. The sling bullet hits the worm.
The worm is moderately wounded.
The goblin hits you but does no damage. The quokka completely misses you.
The kobold hits you but does no damage. The goblin closely misses you.
The worm bites you but does no damage.
You shoot a sling bullet. The sling bullet hits the worm.
The worm is heavily wounded.
The quokka barely misses you. The kobold hits you but does no damage.
The goblin hits you but does no damage. The quokka bites you.
The kobold closely misses you.
You shoot a sling bullet.
The sling bullet hits the worm but does no damage.
The worm is heavily wounded.
The quokka closely misses you. The goblin hits you with a +0 dagger.
The worm barely misses you. The kobold hits you but does no damage.
The quokka barely misses you.
You shoot a sling bullet. The sling bullet hits the worm.
The worm is severely wounded.
The goblin hits you with a +0 dagger. The quokka closely misses you.
The kobold barely misses you. The worm bites you.
The goblin completely misses you.
You shoot a sling bullet. The sling bullet hits the worm.
The worm is almost dead.
The quokka closely misses you.
The kobold hits you with a +0 short sword.
The goblin hits you but does no damage.
The quokka bites you but does no damage.
The worm bites you.
You die...

.# . . #. .
#.############
...#.........<..
......grw.....#
#K@......#
##.......# #.......#
##.......# ..
#........#####...
...................
#.................#
#
$..#########.#######
###
############........


You could see a worm, a quokka, a goblin and a kobold.

Vanquished Creatures
  3 adders (D:2)
  An orc (D:3)
  A bat (D:2)
  6 endoplasms
  5 giant cockroaches
  3 goblins
  6 hobgoblins
  6 jackals (D:1)
  3 quokkas
  4 ball pythons (D:2)
  A frilled lizard (D:1)
  3 kobolds
  6 rats
48 creatures vanquished.

Notes
Turn   | Place    | Note
-------+----------+-------------------------------------------
     0 | D:1      | qw the Gargoyle Hexslinger began the quest for the Orb.
     0 | D:1      | Reached XP level 1. HP: 12/12 MP: 2/2
     0 | D:1      | 0 ||| qw: Version: 0.3-a-52-g30416fa
     0 | D:1      | 0 ||| qw: Game counter: 5102
     0 | D:1      | 0 ||| qw: Melee chars always use a shield: true
     0 | D:1      | 0 ||| qw: God list: Okawaru
     0 | D:1      | 0 ||| qw: Allow faded altars: false
     0 | D:1      | 0 ||| qw: Do Orc after clearing Dungeon:15 true
     0 | D:1      | 0 ||| qw: Do second Lair branch before Depths: true
     0 | D:1      | 0 ||| qw: Lair rune preference: random
     0 | D:1      | 0 ||| qw: Goals: Normal
     0 | D:1      | 0 ||| PLANNING D:1-11
    97 | D:1      | Reached XP level 2. HP: 16/16 MP: 3/3
   119 | D:1      | Reached skill level 3 in Ranged Weapons
   425 | D:1      | Reached XP level 3. HP: 21/21 MP: 4/4
   511 | D:1      | 511 ||| UPGRADING to +0 pair of gloves.
   516 | D:1      | 516 ||| READING scroll labelled RAME DYHE YLULIAPO.
   517 | D:1      | 517 ||| READING scroll labelled LAEWIDILIWO.
   520 | D:1      | 520 ||| DROPPING scroll of poison.
   770 | D:2      | Reached XP level 4. HP: 20/26 MP: 5/5
  1004 | D:2      | Found a shimmering altar of Xom.
  1012 | D:2      | Reached skill level 4 in Ranged Weapons
  1046 | D:2      | 1046 ||| UPGRADING to +0 ring mail.
  1056 | D:2      | 1056 ||| DROPPING +0 robe.
  1057 | D:2      | 1057 ||| UPGRADING to amulet of the acrobat.
  1328 | D:2      | Reached skill level 1 in Armour
  1540 | D:3      | HP: 6/26 [worm (3)]
  1541 | D:3      | Slain by a worm

Levels and vault maps discovered:
D:1:      lightli_arrival_flooded_house, layout_rooms
D:2:      layout_loops_ring, basic_altar, hangedman_glass_teeth,
          kennysheep_generic_room_6
D:3:      layout_basic, minmay_misc_feat_alley, minmay_crystal_water,
          minmay_three_crescents, uniq_sigmund

Skill      XL: |  1  2  3  4 |
---------------+-------------+-----
Ranged Weapons | 3 4 |  4.1
Fighting       | 2 |  2.0
Armour         | 1 |  1.0
Dodging        | |  1.5
Spellcasting   | |  1.0
Hexes          | |  2.6

Action                     |  1- 3 |  4- 6 || total
---------------------------+-------+-------++-------
   Fire: Sling             |   120 |    60 ||   180
    Use: Scroll            |     2 |       ||     2
 Armour: Robe              |    22 |     6 ||    28
         Ring mail         |       |    37 ||    37
  Dodge: Dodged            |    55 |    55 ||   110

Table legend:
 A = Non-vault XP
 B = Vault XP
 C = Vault XP percentage of total XP
 D = Non-vault monster count
 E = Vault monster count
 F = Vault count percentage of total count
                 A         B        C        D         E       F
            +---------+---------+-------+---------+---------+-------
      Total |     106 |      13 |  10.9 |      42 |       6 |  12.5
            +---------+---------+-------+---------+---------+-------
        D:1 |      39 |       0 |   0.0 |      22 |       0 |   0.0
        D:2 |      64 |       6 |   8.6 |      18 |       3 |  14.3
        D:3 |       3 |       7 |  70.0 |       2 |       3 |  60.0
            +---------+---------+-------+---------+---------+-------
